 Dungeon Crawl Stone Soup version 0.32-a0-128-g77eb882913 (console) character file.

Game seed: 10938356503690272253

2 zenocrate the Sneak (level 1, -2/14 HPs)
             Began as a Kobold Delver on Feb 7, 2024.
             Slain by an adder (3 damage)
             ... on level 5 of the Dungeon.
             The game lasted 00:00:32 (143 turns).

zenocrate the Sneak (Kobold Delver)                  Turns: 143, Time: 00:00:32

Health: -2/14      AC:  3    Str:  9    XL:     1   Next: 33%
Magic:  1/1        EV: 14    Int: 11    God:
Gold:   12         SH:  0    Dex: 16    Spells: 0/0 levels left

rFire   . . .        a - +0 short sword
rCold   . . .        (no shield)
rNeg    . . .        b - +0 leather armour
rPois   .            (no helmet)
rElec   .            (no cloak)
rCorr   .            (no gloves)
SInv    .            (no boots)
Will    .....        (no amulet)
Stlth   ++++         (no ring)
HPRegen 0.22/turn    (no ring)
MPRegen 0.07/turn

%: no passive effects
@: brilliant, lethally poisoned (-2 -> -3), hasted, very quick
A: small, no large weapons, nightstalker 3
a: no special abilities


You were on level 5 of the Dungeon.
You visited 1 branch of the dungeon, and saw 1 of its levels.

You collected 12 gold pieces.

Inventory:

Hand Weapons
 a - a +0 short sword (weapon)
Armour
 b - a +0 leather armour (worn)
Wands
 g - a wand of digging (3)
Scrolls
 c - a scroll of fog
 d - a scroll of revelation
Potions
 i - a potion of enlightenment {unknown}


   Skills:
 - Level 3.2 Fighting
 + Level 2.8 Short Blades
 + Level 2.5 Dodging
 + Level 6.6 Stealth


You couldn't memorise any spells.
You didn't know any spells.
Your spell library was empty.

Dungeon Overview and Level Annotations

Branches:
Dungeon (5/15)
 Temple: D:4-7

Altars:


Innate Abilities, Weirdness & Mutations

You are small and have problems with some larger weapons.
You are completely attuned to the shadows.


Message History

The orc closely misses you.
Unknown command.
The orc attacks as it pursues you! The orc completely misses you.
An orc wizard appears from thin air!
Reactivating autopickup.
The orc wizard gestures wildly while chanting.
The orc wizard flickers and vanishes!
Deactivating autopickup; reactivate with Ctrl-A.
You hear a shout!
Unknown command.
You bump into the metal wall.
You feel less confused.
You hear a shout!
The orc misses you.
A gnoll bouda and a gnoll come into view.
The orc hits you with a +0 hand axe.
The gnoll bouda moves out of view.
The gnoll moves out of view.
Unknown command. 2 gnolls come into view.
A gnoll is wielding a +0 club and quivering a throwing net.
The gnoll shouts!
The gnoll bouda shouts!
You hear an angry hiss.
The gnoll throws a throwing net.
The throwing net barely misses you.
The gnoll bouda barks out a call to the hunt!
The gnolls pick up the pace!
The gnoll moves out of view.
The orc attacks as it pursues you! The orc barely misses you.
Unknown command.
As you read the scroll of fear, it crumbles to dust.
You assume a fearsome visage.
The gnoll bouda looks frightened!
The gnoll looks frightened! x3; The orc looks frightened! x3
Unknown command.
An adder comes into view.
The adder barely misses you. The adder bites you.
You are poisoned.
The adder poisons you!
You feel sick.
You feel sick.
You feel sick. The adder attacks as it pursues you!
The adder completely misses you.
You feel yourself speed up.
You feel sick. The adder bites you. The gnoll hits you with a +0 club.
* * * LOW HITPOINT WARNING * * *
The adder bites you.
You die...

#.# ##### #.# #...#
#.###.#.# ......#o.o
......###.#
......#...# ......#.#
........# #.
.......####.#.#
.......oo...#.######.
......B#.......S@....
.......# #.....g.....
...##B.###.##.#######
### #......##.#
##o.B(....#
##########


You could see a gnoll (swift) and an adder.

Vanquished Creatures
  An orc (D:5)
1 creature vanquished.

Notes
Turn   | Place    | Note
-------+----------+-------------------------------------------
     0 | D:5      | zenocrate the Kobold Delver began the quest for the Orb.
     0 | D:5      | Reached XP level 1. HP: 14/14 MP: 1/1
   103 | D:5      | Noticed an orc wizard
   117 | D:5      | Noticed a bombardier beetle
   131 | D:5      | Noticed a gnoll bouda
   143 | D:5      | Slain by an adder

Illustrated notes

Levels and vault maps discovered:
D:5:      layout_loops_ring, vehumet_statue, uniq_grinder, uniq_ijyb,
          uniq_menkaure

Action                     || total
---------------------------++-------
  Melee: Short sword       ||    13
    Use: Potion            ||     2
         Scroll            ||     1
   Stab: Sleeping          ||     1
 Armour: Leather armour    ||    12
  Dodge: Dodged            ||    14

Table legend: (Time is in decaauts)
 A = Elapsed time spent in this place.
 B = Non-inter-level travel time spent in this place.
 C = Inter-level travel time spent in this place.
 D = Time resting spent in this place.
 E = Time spent auto-exploring this place.
 F = Levels seen in this place.
 G = Mean time per level.
                   A        B        C        D        E       F      G
               +--------+--------+--------+--------+--------+-----+--------+
         Total |    141 |    141 |      0 |      0 |     90 |   1 |  141.0 |
       Dungeon |    141 |    141 |      0 |      0 |     90 |   1 |  141.0 |
               +--------+--------+--------+--------+--------+-----+--------+

Top non-repeatable levels by time:
     D:5: 141 daAuts
